 Dungeon Crawl Stone Soup version 0.23.2-33-g5129a83184 (webtiles) character file.

Game seed: 11671460547459211386

86 Atelerd the Magician (level 4, -14/27 HPs)
             Began as an Octopode Wizard on July 16, 2019.
             Demolished by a two-headed ogre
             ... wielding a +0 giant spiked club
              (29 damage)
             ... on level 4 of the Dungeon.
             The game lasted 00:02:57 (3242 turns).

Atelerd the Magician (Octopode Wizard)              Turns: 3242, Time: 00:02:58

Health: -14/27     AC:  1    Str:  6    XL:     4   Next: 49%
Magic:  0/9        EV: 13    Int: 21    God:
Gold:   89         SH:  0    Dex: 10    Spells: 1/10 levels left

rFire    . . .     SeeInvis .   g - +0 short sword
rCold    . . .     Gourm    .   (no shield)
rNeg     . . .     Faith    .   a - +0 hat
rPois    .         Spirit   .   (no amulet)
rElec    .         Reflect  .   (no ring)
rCorr    .         Harm     .   (no ring)
MR       .....                  (no ring)
Stlth    +++.......             (no ring)
HPRegen  0.09/turn              (no ring)
MPRegen  0.11/turn              (no ring)
                                (no ring)
                                (no ring)

@: starving
A: almost no armour, stealthy swim, amphibious, 8 rings, constrict 8, camouflage
1, gelatinous body 1
a: no special abilities


You were on level 4 of the Dungeon.
You were starving.

You visited 1 branch of the dungeon, and saw 4 of its levels.

You collected 89 gold pieces.

Inventory:

Hand Weapons
 g - a +0 short sword (weapon)
Missiles
 e - a throwing net (quivered)
Armour
 a - a +0 hat (worn)
Scrolls
 b - 2 scrolls of blinking {unknown}
 f - 4 scrolls of teleportation {unknown}
 h - 4 scrolls of identify {unknown}
Potions
 d - a potion of agility
 i - a potion of brilliance {unknown}
 j - a potion of mutation {unknown}
 l - 2 potions of lignification
Comestibles
 c - a ration


   Skills:
 - Level 2.0 Dodging
 - Level 2.6 Stealth
 + Level 3.6 Spellcasting
 * Level 3.4 Conjurations
   Level 1.0 Summonings
 - Level 1.0 Translocations


You had one spell level left.
You knew the following spells:

 Your Spells              Type           Power        Failure   Level  Hunger
a - Magic Dart            Conj           ###.         3%          1    None
b - Mephitic Cloud        Conj/Pois/Air  #.......     24%         3    ###....
c - Blink                 Tloc           N/A          12%         2    ##.....
d - Conjure Flame         Conj/Fire      ##......     19%         3    ###....

Your spell library contained the following spells:

 Spells                   Type           Power        Failure   Level  Hunger
 Call Imp                 Summ           #.......     12%         2    ##.....
 Slow                     Hex            #.......     19%         2    ##.....


Dungeon Overview and Level Annotations

Branches:
Dungeon (4/15)             Temple (0/1) D:4

Altars:
Ashenzari
Gozag
Nemelex Xobeh

Annotations:
D:2 exclusion: downstairs


Innate Abilities, Weirdness & Mutations

You cannot wear most types of armour.
You are very stealthy in the water. (Stealth+)
You are amphibious.
You can wear up to eight rings at the same time.
You can use your tentacles to constrict eight enemies at once.
Your skin changes colour to match your surroundings (Stealth+).
Your rubbery body absorbs attacks. (AC +1, EV +1)


Message History

Casting: Conjure Flame (safe; 19% risk of failure)
Confirm with . or Enter, or press ? or * to list all spells.
Aiming: Conjure Flame (safe; 19% risk of failure)
Press: ? - help, Dir - move target cursor The fire ignites!
You are starving!
The two-headed ogre is engulfed in blazing flames. x2
You barely miss the two-headed ogre.
The two-headed ogre is severely wounded.
The two-headed ogre misses you.
The two-headed ogre hits you with a +0 giant club!
Unknown command.
You hit the two-headed ogre.
The two-headed ogre is severely wounded.
Unknown command.
You hit the two-headed ogre.
The two-headed ogre is severely wounded.
The two-headed ogre hits you with a +0 giant spiked club!!
Ouch! That really hurt!
You die...

#.# +.# #.# #.#
#.###.######## #.#
#.#..........###.#
#.#...#.#......#.#
#.#..#.#.#..##....
#...#.#.#.#.##....
#....#.>.#..##....
#@..#.#.#.#..#.#+#
#O...#.#.#.....#
#○#...#.#...##.#
#☼#............#
#○#.##.#########
#.#....# #.#.####
#.... ###.#


You could see a two-headed ogre.

Vanquished Creatures
  4 adders (D:2)
  2 worms (D:2)
  A dart slug (D:1)
  2 leopard geckos
  4 bats (D:1)
  2 giant cockroaches (D:2)
  4 goblins
  8 hobgoblins
  4 kobolds
  3 frilled lizards
  7 rats
41 creatures vanquished.

Notes
Turn   | Place    | Note
-------+----------+-------------------------------------------
     0 | D:1      | Atelerd the Octopode Wizard began the quest for the Orb.
     0 | D:1      | Reached XP level 1. HP: 11/11 MP: 4/4
   711 | D:1      | Reached XP level 2. HP: 11/17 MP: 0/6
  1684 | D:2      | Reached XP level 3. HP: 21/21 MP: 7/7
  1689 | D:2      | Learned a level 3 spell: Mephitic Cloud
  1692 | D:2      | Learned a level 2 spell: Blink
  1708 | D:2      | Found an opulent altar of Gozag.
  1798 | D:2      | Found a shattered altar of Ashenzari.
  2315 | D:2      | Reached XP level 4. HP: 25/27 MP: 3/9
  2368 | D:2      | Found a sparkling altar of Nemelex Xobeh.
  3212 | D:4      | Found a staircase to the Ecumenical Temple.
  3227 | D:4      | Noticed a two-headed ogre
  3233 | D:4      | Learned a level 3 spell: Conjure Flame
  3242 | D:4      | Demolished by a two-headed ogre

Skill      XL: |  1  2  3 |
---------------+----------+-----
Conjurations   | 2 3 |  3.4
Dodging        | |  2.0
Stealth        | |  2.6
Spellcasting   | |  3.6
Summonings     | |  1.0
Translocations | |  1.0

Action                   |  1- 3 |  4- 6 || total
-------------------------+-------+-------++-------
Melee: Unarmed           |    21 |       ||    21
       Constrict         |    14 |     6 ||    20
       Short sword       |    25 |    29 ||    54
       Tentacles         |     3 |     2 ||     5
 Cast: Magic Dart        |    38 |     9 ||    47
       Mephitic Cloud    |     2 |     1 ||     3
       Conjure Flame     |       |     3 ||     3
       Blink             |       |     2 ||     2
  Use: Potion            |     2 |       ||     2
 Stab: Sleeping          |     3 |     5 ||     8
       Confused          |     1 |       ||     1
  Eat: Ration            |     1 |       ||     1
       Chunk             |       |     2 ||     2
Armor: Skin              |     6 |       ||     6
Dodge: Dodged            |    33 |    20 ||    53
